 Dungeon Crawl Stone Soup version 0.31-a0-236-g9a0961fb85 (webtiles) character file.

Game seed: 6402197964125838937

714 qw the Shooter (level 7, -8/44 HPs)
             Began as a Gargoyle Hexslinger on July 10, 2023.
             Mangled by a wight
             ... wielding a +5 long sword of freezing
              (12 damage)
             ... on level 5 of the Dungeon.
             The game lasted 00:01:54 (5337 turns).

qw the Shooter (Gargoyle Hexslinger)                Turns: 5337, Time: 00:01:55

Health: -8/44      AC: 15    Str: 12    XL:     7   Next: 69%
Magic:  0/8        EV: 11    Int: 13    God:
Gold:   264        SH:  0    Dex: 14    Spells: 7/8 levels left

rFire   . . .        Y - +1 sling
rCold   . . .        (no shield)
rNeg    + . .        k - +3 leather armour
rPois   inf          (no helmet)
rElec   +            b - +0 cloak
rCorr   .            (no gloves)
SInv    .            g - +2 pair of boots
Will    .....        f - amulet of guardian spirit
Stlth   +            (no ring)
HPRegen 0.27/turn    (no ring)
MPRegen 0.11/turn

%: guardian spirit
@: about to teleport
A: sickness immunity, AC +4, negative energy resistance 1, electricity
resistance, torment resistance 1, petrification resistance
a: no special abilities


You were on level 5 of the Dungeon.
You visited 1 branch of the dungeon, and saw 6 of its levels.

You collected 264 gold pieces.


Innate Abilities, Weirdness & Mutations

You are immune to sickness and miasma.
Your stone body is resilient. (AC +4)
You are immune to poison.
You resist negative energy. (rN+)
You are resistant to electric shocks. (rElec)
You are resistant to unholy torment.
You are immune to petrification.


   Skills:
 - Level 4.7 Fighting
 + Level 7.1 Ranged Weapons
 - Level 1.0 Armour
 - Level 1.5 Dodging
 - Level 1.0 Spellcasting
 - Level 2.6 Hexes


You had 7 spell levels left.
You knew the following spells:

 Your Spells              Type           Power      Damage    Failure   Level
a - Slow                  Hex            28%        N/A       12%         1

Your spell library contained the following spells:

 Spells                   Type           Power      Damage    Failure   Level
 Inner Flame              Hex/Fire       4%         N/A       52%         3
 Portal Projectile        Hex/Tloc       8%         N/A       52%         3
 Cause Fear               Hex            3%         N/A       75%         4

Inventory:

Hand Weapons
 Y - a +1 sling (weapon)
Armour
 b - a +0 cloak (worn)
 g - a +2 pair of boots (worn)
 k - a +3 leather armour (worn)
Jewellery
 f - an amulet of guardian spirit (around neck)
Scrolls
 c - a scroll of identify
 i - a scroll of teleportation
Potions
 d - 2 potions of curing
 e - a potion of mutation
 j - a potion of heal wounds

Dungeon Overview and Level Annotations

Branches:
Dungeon (6/15)
 Temple: D:4-7

Altars:

Annotations:
D:2 Terence
D:4 1 runed translucent door, qw's ghost, amateur MiHs
D:5 1 runed translucent door, Crazy Yiuf


Message History

Enter note:
Enter note:
Enter note:
Enter note:
Enter note:
Enter note:
Enter note:
Enter note: You shoot a sling bullet.
The sling bullet hits the wight.
The wight is moderately damaged.
The ufetubus hits you but does no damage.
The ufetubus misses you. x2
The ufetubus hits you but does no damage.
The wight closely misses you. x2
The wight hits you with a +5 long sword of freezing.
The wight freezes you.
You shoot a sling bullet.
The sling bullet barely misses the wight.
The ufetubus hits you but does no damage.
The ufetubus barely misses you.
The wight hits you with a +0 great sword!
The wight hits you with a +5 long sword of freezing.
The wight freezes you. The wight barely misses you.
The ufetubus hits you but does no damage.
The ufetubus closely misses you.
You shoot a sling bullet. The sling bullet hits the wight.
The wight is heavily damaged.
You feel your willpower return. The ufetubus barely misses you.
The ufetubus hits you but does no damage.
The wight barely misses you.
The wight hits you with a +5 long sword of freezing!
The wight freezes you. The wight hits you with a +0 halberd.
5337 ||| READING 2 scrolls of teleportation.
As you read the scroll of teleportation, it crumbles to dust.
You feel strangely unstable.
The ufetubus hits you but does no damage.
The ufetubus barely misses you. The wight barely misses you.
The wight hits you with a +5 long sword of freezing!
You die...

####.# #.#.# #.# .....# #.#)#
#.# ###### #.#.####### #.# .#
#.#.......# #.# .# #.#######.#
#.# .# #.# #.# #.# .# #.# #(#
#.# .###############z# #.###.#
................@#######.#...#
.#.....##......z5z....##.#.###
.#.....##.............##.#.####
.#.....##.............##.#...<#
##.....##.............##.######
#.....##.............##.#
#.....##.............##.#
##.....##.............##.#
##.....##.....>.......##.#


You could see 3 wights and an ufetubus.

Vanquished Creatures
  A black bear (D:5)
  A phantom (D:4)
  2 scorpions (D:5)
  A howler monkey (D:5)
  2 hounds
  An orc priest (D:4)
  Natasha (thrice) (D:2)
  An iguana (D:5)
  11 adders
  3 gnolls (D:4)
  An ufetubus (D:5)
  A worm (D:2)
  4 dart slugs
  8 orcs
  A bat (D:2)
  5 endoplasms
  A giant cockroach (D:3)
  7 goblins
  10 hobgoblins
  A jackal (D:3)
  A quokka (D:2)
  3 ball pythons
  2 frilled lizards
  3 kobolds
  6 rats
80 creatures vanquished.

Notes
Turn   | Place    | Note
-------+----------+-------------------------------------------
     0 | D:1      | qw the Gargoyle Hexslinger began the quest for the Orb.
     0 | D:1      | Reached XP level 1. HP: 12/12 MP: 2/2
     0 | D:1      | 0 ||| qw: Version: 0.3-a-52-g30416fa
     0 | D:1      | 0 ||| qw: Game counter: 4822
     0 | D:1      | 0 ||| qw: Melee chars always use a shield: true
     0 | D:1      | 0 ||| qw: God list: Okawaru
     0 | D:1      | 0 ||| qw: Allow faded altars: false
     0 | D:1      | 0 ||| qw: Do Orc after clearing Dungeon:15 true
     0 | D:1      | 0 ||| qw: Do second Lair branch before Depths: true
     0 | D:1      | 0 ||| qw: Lair rune preference: random
     0 | D:1      | 0 ||| qw: Goals: Normal
     0 | D:1      | 0 ||| PLANNING D:1-11
   356 | D:1      | 356 ||| FLEEEEING.
   363 | D:1      | 363 ||| FLEEEEING.
   364 | D:1      | 364 ||| FLEEEEING.
   389 | D:1      | Reached XP level 2. HP: 16/16 MP: 3/3
   647 | D:1      | 647 ||| UPGRADING to +2 pair of boots.
   652 | D:1      | 652 ||| UPGRADING to amulet of guardian spirit.
   657 | D:1      | 657 ||| READING 3 scrolls labelled OBRIVY WOLUN.
   660 | D:1      | 660 ||| DROPPING scroll of poison.
   722 | D:2      | Reached skill level 3 in Ranged Weapons
   835 | D:2      | Found a faded altar of an unknown god.
   840 | D:2      | Reached XP level 3. HP: 21/21 MP: 4/4
   905 | D:2      | Noticed Terence
   920 | D:2      | HP: 5/21 [Terence/+1 trident of protection (6)]
   921 | D:2      | 921 ||| READING 2 scrolls of teleportation.
   921 | D:2      | HP: 2/21 [Terence/+1 trident of protection (4)]
  1074 | D:2      | HP: 5/21 [Terence/+1 trident of protection (3)]
  1075 | D:2      | 1075 ||| READING scroll of teleportation.
  1395 | D:2      | Reached XP level 4. HP: 26/26 MP: 5/5
  1529 | D:2      | Reached skill level 4 in Ranged Weapons
  1532 | D:2      | Noticed Natasha
  1538 | D:2      | Killed Natasha
  1641 | D:2      | Noticed Natasha
  1653 | D:2      | Killed Natasha
  1654 | D:2      | Reached XP level 5. HP: 22/30 MP: 4/6
  1708 | D:2      | Noticed Natasha
  1722 | D:2      | Killed Natasha
  1723 | D:2      | Reached skill level 5 in Ranged Weapons
  2011 | D:2      | 2011 ||| UPGRADING to +0 cloak.
  2016 | D:2      | 2016 ||| UPGRADING to +0 ring mail.
  2026 | D:2      | 2026 ||| DROPPING +0 robe.
  2027 | D:2      | 2027 ||| READING scroll labelled NASAROQOTIO.
  2028 | D:2      | 2028 ||| READING scroll labelled NOTENK OPEPPEQ.
  2029 | D:2      | 2029 ||| READING scroll labelled MOMUROI CEGRIYNK.
  2130 | D:2      | 2130 ||| READING scroll labelled IQOINI XEEPNOK.
  2355 | D:3      | Reached skill level 1 in Armour
  2641 | D:3      | Reached skill level 3 in Fighting
  3041 | D:3      | 3041 ||| READING scroll labelled UNYXTA LOIFOC.
  3059 | D:3      | 3059 ||| DRINKING 2 yellow potions.
  3060 | D:3      | 3060 ||| READING 2 scrolls of identify.
  3060 | D:3      | 3060 ||| IDENTIFYING fuming black potion
  3061 | D:3      | 3061 ||| DROPPING potion of brilliance.
  3073 | D:4      | Noticed a phantom
  3080 | D:4      | Found a runed translucent door.
  3087 | D:4      | Killed a phantom
  3088 | D:4      | Reached XP level 6. HP: 34/37 MP: 7/7
  3101 | D:4      | Noticed qw's ghost (amateur MiHs)
  3396 | D:4      | Reached skill level 6 in Ranged Weapons
  4265 | D:4      | 4265 ||| UPGRADING to +3 leather armour.
  4275 | D:4      | 4275 ||| DROPPING +0 ring mail.
  4276 | D:4      | 4276 ||| READING scroll labelled MOXKUNKALIU.
  4277 | D:4      | 4277 ||| READING scroll labelled HIKKUDYXTIUGE.
  4278 | D:4      | 4278 ||| DRINKING 3 inky potions.
  4304 | D:5      | Entered Level 5 of the Dungeon
  4390 | D:5      | Noticed a black bear
  4406 | D:5      | Killed a black bear
  4407 | D:5      | Reached XP level 7. HP: 30/44 MP: 2/8
  4526 | D:5      | Found a runed translucent door.
  4527 | D:5      | Noticed Crazy Yiuf
  5017 | D:5      | Reached skill level 7 in Ranged Weapons
  5288 | D:5      | 5288 ||| READING scroll labelled CAID MOINY.
  5289 | D:5      | 5289 ||| READING scroll labelled LODDIHIADU.
  5290 | D:5      | 5290 ||| READING 3 scrolls of identify.
  5290 | D:5      | 5290 ||| IDENTIFYING orange potion
  5291 | D:5      | 5291 ||| READING 2 scrolls of identify.
  5291 | D:5      | 5291 ||| IDENTIFYING fizzy emerald potion
  5292 | D:5      | 5292 ||| DROPPING potion of attraction.
  5332 | D:6      | 5332 ||| STAIRDANCE
  5336 | D:5      | HP: 7/44 [wight/+5 long sword of freezing (8)]
  5337 | D:5      | 5337 ||| READING 2 scrolls of teleportation.
  5337 | D:5      | Mangled by a wight

Levels and vault maps discovered:
D:1:      amcnicky_arrival_gap_in_the_tavern_cellar, layout_basic
D:2:      layout_loops_corners, nicolae_ecumenical_snake_handling, uniq_natasha,
          uniq_terence
D:3:      layout_loops_ring, minmay_mini_jars
D:4:      cheibrodos_quashed, layout_loops_ring, ebering_ghost_reflecting_pool,
          serial_bayou_lagoon_a
D:5:      layout_basic, grunt_decor_cap, uniq_crazy_yiuf_cottage
D:6:      layout_loops_ring

Skill      XL: |  1  2  3  4  5  6  7 |
---------------+----------------------+-----
Ranged Weapons | 3 4 5 6 7 |  7.1
Fighting       | 2 3 4 |  4.7
Armour         | 1 |  1.0
Dodging        | |  1.5
Spellcasting   | |  1.0
Hexes          | |  2.6

Action                     |  1- 3 |  4- 6 |  7- 9 || total
---------------------------+-------+-------+-------++-------
   Fire: Sling             |   112 |   268 |    76 ||   456
    Use: Scroll            |     3 |     8 |     5 ||    16
         Potion            |       |     2 |       ||     2
 Armour: Robe              |    24 |    10 |       ||    34
         Ring mail         |       |   119 |       ||   119
         Leather armour    |       |    16 |    56 ||    72
  Dodge: Dodged            |    34 |   143 |    55 ||   232

Table legend:
 A = Non-vault XP
 B = Vault XP
 C = Vault XP percentage of total XP
 D = Non-vault monster count
 E = Vault monster count
 F = Vault count percentage of total count
                 A         B        C        D         E       F
            +---------+---------+-------+---------+---------+-------
      Total |     901 |     120 |  11.8 |      65 |      15 |  18.8
            +---------+---------+-------+---------+---------+-------
        D:1 |      12 |       0 |   0.0 |       6 |       0 |   0.0
        D:2 |     134 |      64 |  32.3 |      23 |       5 |  17.9
        D:3 |      45 |      56 |  55.4 |      10 |      10 |  50.0
        D:4 |     266 |       0 |   0.0 |      18 |       0 |   0.0
        D:5 |     444 |       0 |   0.0 |       8 |       0 |   0.0
            +---------+---------+-------+---------+---------+-------
